3AA
BATTLE GROUND AEROS @ SALEM MISFITS
05/06/2024
 
TOP OF THE 1ST
Battle Ground Aeros batting - Pitching for Salem Misfits : RHP Kenny Koehler
Pitching: RHP Kenny Koehler
Batting: RHB Carlos Soto 0-0: Ball
1-0: Called Strike
1-1: Swinging Strike
1-2: Ball
2-2: TRIPLE (Flyball, 89M)
Batting: SHB Juan Torres 0-0: Ball
1-0: Swinging Strike
1-1: Called Strike
1-2: Strikes out swinging
Batting: RHB Clarence Therrien 0-0: Foul Ball, location: 2F
0-1: Ground out U3 (Groundball, 3L)
Batting: RHB Carlos Ávila 0-0: Swinging Strike
0-1: Ball
1-1: Swinging Strike
1-2: Strikes out swinging
Top of the 1st over - 0 run(s), 1 hit(s), 0 error(s), 1 left on base; Battle Ground 0 - Salem 0
BOTTOM OF THE 1ST
Salem Misfits batting - Pitching for Battle Ground Aeros : RHP Ángel Rivera
Pitching: RHP Ángel Rivera
Batting: RHB Jesús Cisneros 0-0: Ball
1-0: Called Strike
1-1: SINGLE (Line Drive, 56D)
Batting: RHB Steve Duncan Pickoff Throw to First - Error! E1
Jesús Cisneros to second
0-0: Ground out 6-3 (Groundball, 6M)
Jesús Cisneros to third
Batting: SHB Arturo Romero 0-0: Ball
1-0: Called Strike
1-1: Foul Ball, location: 2F
1-2: Foul Ball, location: 2F
1-2: Ball
2-2: DOUBLE (Line Drive, 9LM)
Jesús Cisneros scores
Batting: LHB José Corona 0-0: Fly out, F7 (Flyball, 78M)
Batting: SHB Fernando Sánchez 0-0: Foul Ball, location: 2F
0-1: Ball
1-1: Fly out, F8 (Flyball, 8LM)
Bottom of the 1st over - 1 run(s), 2 hit(s), 1 error(s), 1 left on base; Battle Ground 0 - Salem 1
TOP OF THE 2ND
Battle Ground Aeros batting - Pitching for Salem Misfits : RHP Kenny Koehler
Batting: RHB Pedro Clemente 0-0: Ball
1-0: Called Strike
1-1: Swinging Strike
1-2: Strikes out swinging
Batting: RHB Leroy Rijerkerk 0-0: Foul Ball, location: 2F
0-1: TRIPLE (Flyball, 8RM)
Batting: RHB Beau Murphy 0-0: Called Strike
0-1: Ball
1-1: Ground out 6-3 (Groundball, 6)
Leroy Rijerkerk scores
Batting: SHB Arnold Bunch 0-0: Ball
1-0: Called Strike
1-1: Swinging Strike
1-2: Foul Ball, location: 2F
1-2: Ground out 6-3 (Groundball, 6MS)
Top of the 2nd over - 1 run(s), 1 hit(s), 0 error(s), 0 left on base; Battle Ground 1 - Salem 1
BOTTOM OF THE 2ND
Salem Misfits batting - Pitching for Battle Ground Aeros : RHP Ángel Rivera
Batting: RHB Raúl Reyna 0-0: Ball
1-0: Foul Ball, location: 2F
1-1: Fly out, F9 (Flyball, 9M)
Batting: RHB Ernesto Souza 0-0: Ground out 6-3 (Groundball, 6)
Batting: RHB Héctor Cantú 0-0: SINGLE (Flyball, 8LS)
Batting: RHB Ramón Ávila 0-0: Ball
1-0: Foul Ball, location: 2F
1-1: Called Strike
1-2: Foul Ball, location: 2F
1-2: Foul Ball, location: 2F
1-2: Fly out, F7 (Flyball, 7M)
Bottom of the 2nd over - 0 run(s), 1 hit(s), 0 error(s), 1 left on base; Battle Ground 1 - Salem 1
TOP OF THE 3RD
Battle Ground Aeros batting - Pitching for Salem Misfits : RHP Kenny Koehler
Batting: RHB Juan Camacho 0-0: Called Strike
0-1: Called Strike
0-2: Ball
1-2: Ground out 6-3 (Groundball, 6)
Batting: RHB Carlos Soto 0-0: Ball
1-0: Swinging Strike
1-1: Called Strike
1-2: SINGLE (Line Drive, 78S)
Batting: SHB Juan Torres 0-0: Ball
1-0: Foul Ball, location: 2F
1-1: Ball
2-1: Ball
3-1: Base on Balls
Carlos Soto to second
Batting: RHB Clarence Therrien 0-0: Ball
1-0: Ball
2-0: Ball
3-0: Called Strike
3-1: Foul Ball, location: 2F
3-2: Base on Balls
Carlos Soto to third
Juan Torres to second
Batting: RHB Carlos Ávila 0-0: Called Strike
0-1: Ball
1-1: Ball
2-1: Ball
3-1: Ground out 4-3 (Groundball, 4M)
Carlos Soto scores
Juan Torres to third
Clarence Therrien to second
Batting: RHB Pedro Clemente 0-0: Ball
1-0: Foul Ball, location: 2F
1-1: Foul Ball, location: 2F
1-2: Foul Ball, location: 2F
1-2: Ball
2-2: Ball
3-2: Foul Ball, location: 2F
3-2: Strikes out looking
Top of the 3rd over - 1 run(s), 1 hit(s), 0 error(s), 2 left on base; Battle Ground 2 - Salem 1
BOTTOM OF THE 3RD
Salem Misfits batting - Pitching for Battle Ground Aeros : RHP Ángel Rivera
Batting: RHB Jesús Cisneros 0-0: Fly out, F8 (Flyball, 8RM)
Batting: RHB Steve Duncan 0-0: Swinging Strike
0-1: Ball
1-1: Ball
2-1: Ground out 5-3 (Groundball, 56)
Batting: SHB Arturo Romero 0-0: Ball
1-0: Ball
2-0: Called Strike
2-1: Ball
3-1: Swinging Strike
3-2: Base on Balls
Batting: LHB José Corona 0-0: Ball
1-0: Called Strike
1-1: Ball
2-1: Ball
3-1: Base on Balls
Arturo Romero to second
Batting: SHB Fernando Sánchez 0-0: Fly out, F4 (Popup, 4S)
Bottom of the 3rd over - 0 run(s), 0 hit(s), 0 error(s), 2 left on base; Battle Ground 2 - Salem 1
TOP OF THE 4TH
Battle Ground Aeros batting - Pitching for Salem Misfits : RHP Kenny Koehler
Batting: RHB Leroy Rijerkerk 0-0: Called Strike
0-1: Fly out, F8 (Flyball, 8LD)
Batting: RHB Beau Murphy 0-0: Ground out 5-3 (Groundball, 56S)
Batting: SHB Arnold Bunch 0-0: Ground out 4-3 (Groundball, 4)
Top of the 4th over - 0 run(s), 0 hit(s), 0 error(s), 0 left on base; Battle Ground 2 - Salem 1
BOTTOM OF THE 4TH
Salem Misfits batting - Pitching for Battle Ground Aeros : RHP Ángel Rivera
Batting: RHB Raúl Reyna 0-0: Ball
1-0: Bunt missed!
1-1: Ball
2-1: Foul Ball, location: 2F
2-2: Fly out, F7 (Flyball, 7M)
Batting: RHB Ernesto Souza 0-0: Foul Ball, location: 2F
0-1: Foul Ball, location: 2F
0-2: SINGLE (Line Drive, 56D)
Batting: RHB Héctor Cantú 0-0: Called Strike
0-1: Ball
1-1: Called Strike
1-2: SINGLE (Groundball, 23) (infield hit)
Ernesto Souza to second
Batting: RHB Ramón Ávila 0-0: Grounds into double play, 6-4-3 (Groundball, 6)
Bottom of the 4th over - 0 run(s), 2 hit(s), 0 error(s), 1 left on base; Battle Ground 2 - Salem 1
TOP OF THE 5TH
Battle Ground Aeros batting - Pitching for Salem Misfits : RHP Kenny Koehler
Batting: RHB Juan Camacho 0-0: Ball
1-0: Ball
2-0: Ground out 6-3 (Groundball, 56)
Batting: RHB Carlos Soto 0-0: Called Strike
0-1: Ball
1-1: Ball
2-1: Foul Ball, location: 2F
2-2: Foul Ball, location: 2F
2-2: Strikes out looking
Batting: SHB Juan Torres 0-0: Swinging Strike
0-1: Fly out, F5 (Popup, 56S)
Top of the 5th over - 0 run(s), 0 hit(s), 0 error(s), 0 left on base; Battle Ground 2 - Salem 1
BOTTOM OF THE 5TH
Salem Misfits batting - Pitching for Battle Ground Aeros : RHP Ángel Rivera
Batting: RHB Jesús Cisneros 0-0: Called Strike
0-1: SINGLE (Groundball, 56D)
Batting: RHB Steve Duncan 0-0: Ball
1-0: Ball
2-0: Called Strike
2-1: Ball
3-1: Sac Bunt - play at first, batter OUT! 5-4
Jesús Cisneros to second
Batting: SHB Arturo Romero 0-0: Called Strike
Jesús Cisneros steals 3rd base
0-1: Ball
1-1: Ball
2-1: Foul Ball, location: 2F
2-2: SINGLE (Groundball, 6MD)
Jesús Cisneros scores
Batting: LHB José Corona 0-0: Called Strike
0-1: Called Strike
0-2: Ball
1-2: Ball
2-2: Ball
3-2: SINGLE (Groundball, 3L)
Arturo Romero to second
Runner from 2nd tries for 3rd, SAFE, throw made to third
Batting: SHB Fernando Sánchez 0-0: Ball
1-0: Ball
2-0: Called Strike
2-1: Foul Ball, location: 2F
2-2: Foul Ball, location: 2F
2-2: Ball
3-2: 3-RUN HOME RUN (Line Drive, 9D), Distance : 382 ft
Batting: RHB Raúl Reyna 0-0: Ball
1-0: Called Strike
1-1: Foul Ball, location: 2F
1-2: Foul Ball, location: 2F
1-2: Ground out 4-3 (Groundball, 4S)
Batting: RHB Ernesto Souza 0-0: Called Strike
0-1: Foul Ball, location: 2F
0-2: Strikes out looking
Bottom of the 5th over - 4 run(s), 4 hit(s), 0 error(s), 0 left on base; Battle Ground 2 - Salem 5
TOP OF THE 6TH
Battle Ground Aeros batting - Pitching for Salem Misfits : RHP Kenny Koehler
Batting: RHB Clarence Therrien 0-0: Ball
1-0: Ball
2-0: Ball
3-0: Base on Balls
Batting: RHB Carlos Ávila 0-0: Swinging Strike
0-1: Foul Ball, location: 2F
0-2: Ball
Wild Pitch!
Clarence Therrien to second
1-2: Fly out, F4 (Popup, 4)
Batting: RHB Pedro Clemente 0-0: Ball
1-0: SINGLE (Groundball, 3D)
Clarence Therrien to third
Runner from 3rd tries for Home, SAFE, no throw or cutoff
Pitching: RHP Juan Torres
Batting: RHB Leroy Rijerkerk 0-0: Ball
1-0: Fly out, F9 (Flyball, 89S)
Batting: RHB Beau Murphy 0-0: Foul Ball, location: 2F
0-1: Called Strike
0-2: Ball
1-2: Strikes out looking
Top of the 6th over - 1 run(s), 1 hit(s), 0 error(s), 1 left on base; Battle Ground 3 - Salem 5
BOTTOM OF THE 6TH
Salem Misfits batting - Pitching for Battle Ground Aeros : RHP Ángel Rivera
Batting: RHB Héctor Cantú 0-0: Called Strike
0-1: Fly out, F5 (Popup, 25F)
Batting: RHB Ramón Ávila 0-0: Called Strike
0-1: Foul Ball, location: 2F
0-2: Ball
1-2: Strikes out swinging
Batting: RHB Jesús Cisneros 0-0: Ball
1-0: Called Strike
1-1: Foul Ball, location: 2F
1-2: Foul Ball, location: 2F
1-2: Ball
2-2: Ball
3-2: Base on Balls
Batting: RHB Steve Duncan 0-0: Called Strike
0-1: DOUBLE (Line Drive, 9LS)
Jesús Cisneros to third
Batting: SHB Arturo Romero 0-0: Called Strike
0-1: Foul Ball, location: 2F
0-2: Ball
1-2: Ball
2-2: Foul Ball, location: 2F
2-2: Ball
3-2: Foul Ball, location: 2F
3-2: Ground out 4-3 (Groundball, 4M)
Bottom of the 6th over - 0 run(s), 1 hit(s), 0 error(s), 2 left on base; Battle Ground 3 - Salem 5
TOP OF THE 7TH
Battle Ground Aeros batting - Pitching for Salem Misfits : RHP Juan Torres
Batting: SHB Arnold Bunch 0-0: SINGLE (Groundball, 4M)
Batting: RHB Juan Camacho 0-0: Called Strike
0-1: Sac Bunt - play at first, batter OUT! 1-4
Arnold Bunch to second
Batting: RHB Carlos Soto 0-0: Called Strike
0-1: Swinging Strike
0-2: Foul Ball, location: 2F
0-2: Strikes out swinging
Batting: SHB Juan Torres 0-0: Ball
1-0: Ball
2-0: Called Strike
2-1: SINGLE (Groundball, 4M)
Arnold Bunch to third
Batting: RHB Clarence Therrien 0-0: Ball
1-0: Swinging Strike
1-1: Ball
2-1: Ball
3-1: Called Strike
3-2: Base on Balls
Juan Torres to second
Batting: RHB Carlos Ávila 0-0: Called Strike
0-1: Ball
1-1: Swinging Strike
1-2: Foul Ball, location: 2F
1-2: Strikes out swinging
Top of the 7th over - 0 run(s), 2 hit(s), 0 error(s), 3 left on base; Battle Ground 3 - Salem 5
BOTTOM OF THE 7TH
Salem Misfits batting - Pitching for Battle Ground Aeros : RHP Ángel Rivera
Batting: LHB José Corona 0-0: Ball
1-0: Foul Ball, location: 2F
1-1: Ball
2-1: Ball
3-1: SINGLE (Groundball, 6M)
Batting: SHB Fernando Sánchez 0-0: Ball
1-0: Fly out, F8 (Flyball, 8RXD)
Pitching: LHP Doug Evans
Batting: RHB Raúl Reyna 0-0: Called Strike
0-1: Ball
1-1: Ball
2-1: Ball
3-1: Swinging Strike
3-2: SINGLE (Line Drive, 34D)
José Corona to second
Pinch Hitting: RHB Jim Unknown 0-0: Ball
José Corona steals 3rd base
Raúl Reyna to second
1-0: Intentional Walk
Batting: RHB Héctor Cantú 0-0: Called Strike
0-1: Ball
1-1: Foul Ball, location: 2F
1-2: Fly out, F9 (Popup, 4D)
Batting: RHB Ramón Ávila 0-0: Ball
1-0: Ball
2-0: Ball
3-0: Base on Balls
José Corona scores
Raúl Reyna to third
Jim Unknown to second
Batting: RHB Jesús Cisneros 0-0: Ball
1-0: Ball
2-0: Foul Ball, location: 2F
2-1: SINGLE (Groundball, 4MD)
Raúl Reyna scores
Jim Unknown to third
Ramón Ávila to second
Batting: RHB Steve Duncan 0-0: Ball
1-0: Ball
2-0: Ball
3-0: Called Strike
3-1: Foul Ball, location: 2F
3-2: Base on Balls
Jim Unknown scores
Ramón Ávila to third
Jesús Cisneros to second
Batting: SHB Arturo Romero 0-0: Ball
1-0: Fielders Choice at 2nd, 6-4 (Groundball, 6)
Bottom of the 7th over - 3 run(s), 3 hit(s), 0 error(s), 2 left on base; Battle Ground 3 - Salem 8
TOP OF THE 8TH
Battle Ground Aeros batting - Pitching for Salem Misfits : RHP Juan Torres
Now at 3B: Jim Unknown
Batting: RHB Pedro Clemente 0-0: Ball
1-0: Fly out, F8 (Flyball, 8LM)
Batting: RHB Leroy Rijerkerk 0-0: Foul Ball, location: 2F
0-1: Ball
1-1: Called Strike
1-2: SINGLE (Line Drive, 9S)
Batting: RHB Beau Murphy 0-0: Foul Ball, location: 2F
0-1: Called Strike
0-2: Foul Ball, location: 2F
0-2: SINGLE (Groundball, 6MD)
Leroy Rijerkerk to second
Batting: SHB Arnold Bunch 0-0: Called Strike
0-1: Ball
1-1: Swinging Strike
1-2: Strikes out swinging
Batting: RHB Juan Camacho 0-0: Ball
1-0: Fly out, F9 (Flyball, 9LM)
Top of the 8th over - 0 run(s), 2 hit(s), 0 error(s), 2 left on base; Battle Ground 3 - Salem 8
BOTTOM OF THE 8TH
Salem Misfits batting - Pitching for Battle Ground Aeros : LHP Doug Evans
Batting: LHB José Corona 0-0: Ball
1-0: Ground out U3 (Groundball, 3S)
Batting: SHB Fernando Sánchez 0-0: Called Strike
0-1: Ball
1-1: Ball
2-1: Swinging Strike
2-2: Foul Ball, location: 2F
2-2: TRIPLE (Line Drive, 78M)
Batting: RHB Raúl Reyna 0-0: Swinging Strike
0-1: Called Strike
0-2: Ball
1-2: Fly out, F6 (Popup, 6D)
Pitching: LHP Gerald Dixon
Batting: RHB Jim Unknown 0-0: Foul Ball, location: 2F
0-1: SINGLE (Flyball, 4D)
Fernando Sánchez scores
Batting: RHB Héctor Cantú 0-0: Ground out 4-3 (Groundball, 4MS)
Bottom of the 8th over - 1 run(s), 2 hit(s), 0 error(s), 1 left on base; Battle Ground 3 - Salem 9
TOP OF THE 9TH
Battle Ground Aeros batting - Pitching for Salem Misfits : RHP Juan Torres
Now at C: Miguel Torres
Batting: RHB Carlos Soto 0-0: Called Strike
0-1: Swinging Strike
0-2: Strikes out swinging
Batting: SHB Juan Torres 0-0: Called Strike
0-1: Fly out, F8 (Flyball, 8LM)
Batting: RHB Clarence Therrien 0-0: Ball
1-0: Ball
2-0: Ground out 4-3 (Groundball, 4)
Top of the 9th over - 0 run(s), 0 hit(s), 0 error(s), 0 left on base; Battle Ground 3 - Salem 9
This league is powered by Out of the Park Baseball, the baseball management simulation game for PC, Mac and Linux
Monday, October 3rd, 2016 - OOTP Baseball 16.9 Build 39